 Dungeon Crawl Stone Soup version 0.19-a0-1513-gf6d23ed (webtiles) character file.

203 AlphabetPasta the Skirmisher (level 5, 0/46 HPs)
             Began as a Minotaur Warper on Sept 12, 2016.
             Slain by an iguana (10 damage)
             ... on level 3 of the Dungeon.
             The game lasted 00:08:19 (2245 turns).

AlphabetPasta the Skirmisher (Minotaur Warper)      Turns: 2245, Time: 00:08:19

Health: 0/46       AC:  6    Str: 15    XL:     5   Next: 51%
Magic:  6/6        EV: 12    Int: 10    God:
Gold:   50         SH:  4    Dex: 11    Spells: 3 memorised, 2 levels left

rFire  . . .     SeeInvis .     b - +0 war axe
rCold  . . .     Gourm    .     F - +0 leather armour
rNeg   . . .     Faith    .     s - +1 buckler {AC+3}
rPois  .         Spirit   .     (helmet restricted)
rElec  .         Dismiss  .     (no cloak)
rCorr  .         Reflect  .     (no gloves)
MR     .....     Harm     .     (no boots)
Stlth  +.........               (no amulet)
                                (no ring)
                                (no ring)

@: no status effects
A: retaliatory headbutt, horns 2
a: no special abilities


You were on level 3 of the Dungeon.
You were not hungry.

You visited 1 branch of the dungeon, and saw 4 of its levels.

You collected 50 gold pieces.

Inventory:

Hand Weapons
 a - a +0 hand axe
 b - a +0 war axe (weapon)
 G - a cursed -2 morningstar
Missiles
 e - 5 tomahawks of dispersal (quivered)
 h - 70 bolts
 i - 105 arrows
 B - 2 tomahawks
Armour
 s - a +1 buckler of protection (worn)
 F - a +0 leather armour (worn)
Jewellery
 v - an uncursed ring of protection from fire {unknown}
 x - an uncursed ring of protection from fire {unknown}
Wands
 E - a wand of lightning (0/15)
Scrolls
 d - a scroll of blinking
 j - a scroll of fog {unknown}
 l - a scroll of magic mapping {unknown}
 m - 6 scrolls of identify {unknown}
 p - a scroll of teleportation {unknown}
 y - a scroll of noise {unknown}
Potions
 k - 2 potions of heal wounds {unknown}
 r - a potion of magic {unknown}
 t - 2 potions of curing {unknown}
 u - a potion of haste {unknown}
 w - 2 potions of might {unknown}
 z - a potion of invisibility {unknown}
 A - a potion of lignification {unknown}
 H - a potion of degeneration {unknown}
Books
 c - a book of Spatial Translocations

   Spells                             Type                      Level
   a - Apportation                    Translocation                1
   b - Blink                          Translocation                2
   c - Shroud of Golubria             Charms/Translocation         2
   d - Portal Projectile              Translocation                3
   e - Teleport Other                 Translocation                3
   f - Passage of Golubria            Translocation                4
Comestibles
 f - a bread ration
 g - 2 beef jerkies
 n - 5 fruits
 o - a royal jelly
 q - a slice of pizza
 C - 8 chunks of flesh
 D - a meat ration


   Skills:
 + Level 3.7 Fighting
 + Level 3.4 Axes
 - Level 1.0 Throwing
 + Level 2.5 Armour
 + Level 3.6 Dodging
 + Level 1.9 Spellcasting
 + Level 2.6 Translocations


You had 2 spell levels left.
You knew the following spells:

 Your Spells              Type           Power        Failure   Level  Hunger
a - Apportation           Tloc           #.........   24%         1    ##.....
b - Blink                 Tloc           N/A          34%         2    ###....
c - Shroud of Golubria    Chrm/Tloc      #.........   67%         2    ###....


Dungeon Overview and Level Annotations

Branches:
Dungeon (4/15)
 Temple: D:4-7

Altars:
Makhleb

Annotations:
D:4 Dowan, Duvessa


Innate Abilities, Weirdness & Mutations

You reflexively headbutt those who attack you in melee.
You have a pair of horns on your head.


Message History

You hit the iguana but do no damage. You block the iguana's attack.
The iguana barely misses you.
You closely miss the iguana. Your headbutt misses the iguana.
The iguana closely misses you.
You completely miss the iguana. The iguana bites you!
You closely miss the iguana. The iguana bites you! The iguana bites you.
You barely miss the iguana. The iguana bites you!
* * * LOW HITPOINT WARNING * * *
You hit the iguana. You headbutt the iguana!
The iguana is severely wounded.
The iguana closely misses you. You furiously retaliate!
You headbutt the iguana. You hit the iguana but do no damage.
Your headbutt misses the iguana.
The iguana is almost dead.
The iguana bites you.
* * * LOW HITPOINT WARNING * * *
You hit the iguana but do no damage.
The iguana is almost dead.
The iguana bites you!
You die...

#........##...#######.#####
#.....................# ###
#........##...######### ..#
#.)......##...# ..#
#........##...## ..#
#........##....# ###
#........##....#
#############.###....#
................@l...#
...####.#####.##.#####
...###### #.##.#
...#...######.##.#
#.....###.....##.#
#...._∩###....##.#
#.....###........#
####...###....#### .#
#######....#


You could see an iguana.

Vanquished Creatures
  A hound (D:3)
  An orc priest (D:3)
  An orc wizard (D:3)
  3 adders (D:3)
  3 worms
  3 giant geckos
  12 orcs (D:3)
  7 bats
  A giant cockroach (D:3)
  A goblin (D:2)
  8 hobgoblins
  6 jackals
  2 quokkas
  3 giant newts
  10 kobolds
  4 rats
66 creatures vanquished.

Notes
Turn   | Place    | Note
-------+----------+-------------------------------------------
     0 | D:1      | AlphabetPasta the Minotaur Warper began the quest for the Orb.
     0 | D:1      | Reached XP level 1. HP: 18/18 MP: 1/1
   244 | D:1      | Reached XP level 2. HP: 24/25 MP: 3/3
   248 | D:1      | Learned a level 2 spell: Blink
   845 | D:2      | Reached XP level 3. HP: 30/30 MP: 4/4
  1322 | D:3      | Learned a level 2 spell: Shroud of Golubria
  1393 | D:3      | Reached XP level 4. HP: 24/38 MP: 5/5
  1617 | D:3      | Found a burning altar of Makhleb.
  1776 | D:3      | Reached XP level 5. HP: 37/45 MP: 6/6
  2229 | D:4      | Noticed Dowan
  2230 | D:4      | Noticed Duvessa
  2245 | D:3      | Slain by an iguana

Vault maps used:
D:1:      lemuel_arrival_hallway, supply_closet_lemuel
D:3:      makhleb_heckhound_becter, grunt_decor_mini_mirrors
D:4:      first_bread, nicolae_ossuary_entry_false_entrances, uniq_duvessa

Skill      XL: |  1  2  3  4 |
---------------+-------------+-----
Axes           | 3 |  3.4
Fighting       | 3 |  3.7
Dodging        | 3 |  3.6
Armour         | 2 |  2.5
Throwing       | |  1.0
Spellcasting   | |  1.9
Translocations | |  2.6

Action                   |  1- 3 |  4- 6 || total
-------------------------+-------+-------++-------
Melee: Hand axe          |    77 |    28 ||   105
       Headbutt          |     7 |    13 ||    20
       War axe           |       |    61 ||    61
Evoke: Wand              |       |     3 ||     3
  Eat: Chunk             |     1 |     3 ||     4
Armor: Leather armour    |    23 |    18 ||    41
Dodge: Dodged            |    49 |    55 ||   104
Block: Buckler           |     6 |    13 ||    19
